 Dungeon Crawl Stone Soup version 0.26.0-45-g9c1d065592 (webtiles) character file.

Game seed: 11598473106543464191

413 kaeus the Sneak (level 6, -2/38 (41) HPs)
             Began as a Demonspawn Enchanter on Jan 28, 2021.
             Slain by a wight
             ... wielding a +0 falchion
              (6 damage)
             ... on level 5 of the Dungeon.
             The game lasted 00:09:38 (5768 turns).

kaeus the Sneak (Demonspawn Enchanter)              Turns: 5768, Time: 00:09:39

HP:   -2/38 (41)    AC:  8    Str:  8    XL:     6   Next: 59%
MP:   10/10         EV: 13    Int: 16    God:
Gold: 221           SH:  0    Dex: 16    Spells: 8/11 levels left

rFire    . . .     SeeInvis .   u - +1 dagger (speed)
rCold    . . .     Faith    .   (no shield)
rNeg     . . .     Spirit   .   x - +0 leather armour
rPois    .         Reflect  .   q - +1 helmet
rElec    .         Harm     .   A - +0 cloak
rCorr    .         Rampage  .   (no gloves)
Will     .....                  (no boots)
Stlth    +++.......             v - amulet of the acrobat
HPRegen  0.12/turn              (no ring)
MPRegen  0.12/turn              (no ring)

@: drained
A: claws 1, iridescent scales 1, demonic guardian 1
a: no special abilities


You were on level 5 of the Dungeon.
You visited 1 branch of the dungeon, and saw 6 of its levels.

You collected 221 gold pieces.

Inventory:

Hand Weapons
 k - a +1 short sword of draining
 u - a +1 dagger of speed (weapon)
Missiles
 j - 11 poisoned darts
 l - 183 stones
Armour
 q - a +1 helmet (worn)
 x - a +0 leather armour (worn)
 A - a +0 cloak (worn)
Jewellery
 v - an amulet of the acrobat (around neck)
Wands
 p - a wand of enslavement (10)
 y - a wand of random effects (10)
Scrolls
 a - a scroll of teleportation {unknown}
 c - a scroll of identify
 e - a scroll of enchant weapon {unknown}
 f - a scroll of magic mapping {unknown}
 i - 2 scrolls of remove curse
 n - a scroll of random uselessness {unknown}
 o - a scroll of immolation {unknown}
 r - 2 scrolls of blinking {unknown}
 t - a scroll of fog {unknown}
Potions
 d - a potion of might {unknown}
 g - a potion of flight {unknown}
 h - 2 potions of heal wounds {unknown}
 m - a potion of brilliance {unknown}
 s - a potion of degeneration {unknown}
 w - a potion of curing {unknown}
 z - a potion of invisibility {unknown}


   Skills:
 + Level 2.4 Short Blades
 + Level 3.0 Dodging
 * Level 4.9 Stealth
 + Level 3.1 Spellcasting
 + Level 4.0 Hexes


You had 8 spell levels left.
You knew the following spells:

 Your Spells              Type           Power        Failure   Level
a - Corona                Hex            16%          4%          1
b - Ensorcelled Hibernat  Hex/Ice        18%          19%         2

Your spell library contained the following spells:

 Spells                   Type           Power        Failure   Level
 Confusing Touch          Hex            15%          16%         3
 Tukima's Dance           Hex            15%          16%         3
 Animate Skeleton         Necr           4%           26%         1
 Pain                     Necr           8%           26%         1
 Dazzling Flash           Conj/Hex       18%          34%         3
 Vampiric Draining        Necr           1%           63%         3
 Animate Dead             Necr           1%           95%         4
 Agony                    Necr           2%           100%        5


Dungeon Overview and Level Annotations

Branches:
Dungeon (6/15)
 Temple: D:4-7

Altars:
Okawaru
Qazlal
Ru
Xom
The Shining One


Innate Abilities, Weirdness & Mutations

You have sharp fingernails.
You are partially covered in iridescent scales. (AC +2)
A weak demonic guardian rushes to your aid.


Message History

The wight is almost destroyed.
The wight misses you.
You hit the wight but do no damage.
The wight is almost destroyed.
The wight blocks your attack.
The wight is almost destroyed.
The wight hits you with a +0 falchion.
* * * LOW HITPOINT WARNING * * *
You take 5 damage, and have 4/38 hp.
You hit the wight but do no damage.
The wight is almost destroyed.
You hit the wight but do no damage.
The wight is almost destroyed.
The wight barely misses you. The wight blocks your attack.
The wight is almost destroyed.
You barely miss the wight.
The wight is almost destroyed.
The wight hits you with a +0 falchion.
You die...

### ... #....# ##..
#....## .... #
..##.#.....# .$..... .
##.......###........
.....................
......##[###..........
.
...........#.........
.
.....................
......###.@..........
...... ###z.........
..... #......## ...
###..#.##.### ...
##..)...... ###.......
..###.. o.#)# . ..# #.


You could see a wight.

Vanquished Creatures
  A howler monkey (D:6)
  2 orc wizards
  A worker ant (D:6)
  A gnoll (D:4)
  5 adders
  3 oozes
  2 worms
  A dart slug (D:2)
  4 leopard geckos
  6 orcs
  3 giant cockroaches
  6 goblins
  10 hobgoblins
  10 kobolds
  3 quokkas
  A ball python (D:2)
  A ball python skeleton (D:4)
  5 bats
  4 frilled lizards (D:1)
  A giant cockroach zombie (D:5)
  A leopard gecko skeleton (D:4)
  5 rats
76 creatures vanquished.

Vanquished Creatures (collateral kills)
  An orc warrior (D:5)
  An ogre (D:4)
  A hound (D:3)
  A gnoll (D:5)
  2 orcs (D:4)
6 creatures vanquished.

Grand Total: 82 creatures vanquished

Notes
Turn   | Place    | Note
-------+----------+-------------------------------------------
     0 | D:1      | kaeus the Demonspawn Enchanter began the quest for the Orb.
     0 | D:1      | Reached XP level 1. HP: 13/13 MP: 3/3
   255 | D:1      | Reached skill level 1 in Short Blades
   640 | D:1      | Gained mutation: A weak demonic guardian rushes to your
                  | aid. [demonic ancestry]
   640 | D:1      | Reached XP level 2. HP: 19/19 MP: 5/5
  1400 | D:1      | Reached XP level 3. HP: 10/24 MP: 6/6
  1783 | D:1      | Learned a level 2 spell: Ensorcelled Hibernation
  2069 | D:2      | Found a shimmering altar of Xom.
  2160 | D:2      | Found an iron altar of Okawaru.
  2605 | D:2      | Found a stormy altar of Qazlal.
  2887 | D:3      | Gained mutation: You are partially covered in iridescent
                  | scales. (AC +2) [demonic ancestry]
  2887 | D:3      | Reached XP level 4. HP: 30/30 MP: 0/7
  3743 | D:3      | Found a glowing golden altar of the Shining One.
  3804 | D:4      | Gained mutation: You have sharp fingernails. [demonic
                  | ancestry]
  3804 | D:4      | Reached XP level 5. HP: 35/35 MP: 1/8
  4976 | D:4      | Noticed an ogre
  4987 | D:4      | Killed an ogre
  5101 | D:4      | You fall into a shaft and drop 2 floors!
  5103 | D:6      | Reached XP level 6. HP: 41/41 MP: 10/10
  5116 | D:5      | Entered Level 5 of the Dungeon
  5116 | D:5      | Found a sacrificial altar of Ru.
  5116 | D:5      | Noticed a water moccasin
  5693 | D:5      | Noticed an orc warrior
  5700 | D:5      | Noticed an orc warrior
  5706 | D:5      | Killed an orc warrior
  5768 | D:5      | Slain by a wight

Illustrated notes

Levels and vault maps discovered:
D:1:      ncdulo_lavacross, layout_rooms
D:2:      layout_loops_cross, lemuel_crystal_altar, grunt_qazlal_clouds,
          okawaru_ov_weapons_minmay
D:3:      layout_rooms, nicolae_tso_swordbearing_angel
D:4:      layout_basic
D:5:      layout_rooms, lemuel_crystal_altar, minmay_temple_entry_stoned_glass,
          sword_in_stone, uniq_eustachio
D:6:      layout_cave_pools, uniq_edmund, uniq_duvessa, uniq_menkaure

Skill      XL: |  1  2  3  4  5  6 |
---------------+-------------------+-----
Short Blades   | 1 2 |  2.4
Stealth        | 3 4 |  4.9
Dodging        | 2 3 |  3.0
Spellcasting   | 3 |  3.1
Hexes          | 4 |  4.0

Action                   |  1- 3 |  4- 6 || total
-------------------------+-------+-------++-------
Melee: Dagger            |   127 |   207 ||   334
       Short sword       |    51 |     8 ||    59
 Cast: Ensorcelled Hiber |     9 |    34 ||    43
       Corona            |       |     1 ||     1
  Use: Scroll            |       |     3 ||     3
 Stab: Sleeping          |    11 |    18 ||    29
Armor: Robe              |    56 |    23 ||    79
       Leather armour    |       |    10 ||    10
Dodge: Dodged            |   136 |    84 ||   220
